 Dungeon Crawl Stone Soup version 0.27.1-33-g824d729ab1 (webtiles) character file.

Game seed: 8339207860711648841

1624 belegose the Skirmisher (level 8, -1/67 HPs)
             Began as a Gnoll Wanderer on Dec 17, 2021.
             Was a Believer of Zin.
             Killed from afar by a steam dragon (15 damage)
             ... with a ball of steam
             ... on level 6 of the Dungeon.
             The game lasted 00:14:49 (8123 turns).

belegose the Skirmisher (Gnoll Wanderer)            Turns: 8123, Time: 00:14:50

Health: -1/67      AC:  8    Str: 13    XL:     8   Next: 97%
Magic:  13/13      EV:  9    Int: 11    God:    Zin [**....]
Gold:   304        SH:  9    Dex: 13    Spells: 14/14 levels left

rFire    . . .     SeeInvis .   a - +8 whip of Kuicw {vorpal, rElec rC++ rCorr Stlth-}
rCold    + + .     Faith    .   z - +0 kite shield
rNeg     . . .     Spirit   .   c - +0 ring mail
rPois    +         Reflect  .   (no helmet)
rElec    +         Harm     .   g - +1 cloak {rPois}
rCorr    +         Rampage  .   (no gloves)
Will     .....                  (no boots)
Stlth    +.........             (no amulet)
HPRegen  0.21/turn              (no ring)
MPRegen  0.13/turn              (no ring)

@: no status effects
A: fangs 1, strong nose, distributed training
a: Renounce Religion, Recite, Vitalisation, Donate Gold


You were on level 6 of the Dungeon.
You worshipped Zin.
Zin was pleased with you.
You visited 2 branches of the dungeon, and saw 8 of its levels.

You collected 353 gold pieces.
You spent 14 gold pieces at shops.
You donated 35 gold pieces to Zin.

Inventory:

Hand Weapons
 a - the +8 whip of Kuicw (weapon) {vorpal, rElec rC++ rCorr Stlth-}
   (You found it on level 6 of the Dungeon)

   It inflicts extra damage upon your enemies.
   rC:        It greatly protects you from cold.
   rElec:     It insulates you from electricity.
   rCorr:     It protects you from acid and corrosion.
   Stlth:     It makes you less stealthy.
 b - a +0 dagger of electrocution
 B - a +0 halberd of venom
Missiles
 j - 121 stones
 n - 6 curare-tipped darts (quivered)
 v - 5 poisoned darts
Armour
 c - a +0 ring mail (worn)
 g - a +1 cloak of poison resistance (worn)
 z - a +0 kite shield (worn)
Magical Staves
 o - a staff of cold
Wands
 t - a wand of iceblast (8)
Scrolls
 d - 4 scrolls of teleportation
 i - a scroll of magic mapping {unknown}
 l - a scroll of identify
 m - 2 scrolls of torment {unknown}
 q - 3 scrolls of amnesia {unknown}
 r - a scroll of noise {unknown}
 s - a scroll of fear {unknown}
 x - a scroll of immolation {unknown}
Potions
 e - 3 potions of attraction
 f - a potion of magic
 h - 2 potions of curing
 k - 2 potions of heal wounds
 p - a potion of haste
 u - a potion of flight
 w - a potion of ambrosia {unknown}
 A - a potion of mutation {unknown}
 C - a potion of cancellation {unknown}


   Skills:
 + Level 7.6 Fighting
 + Level 3.7 Short Blades
 + Level 3.7 Long Blades
 + Level 6.0 Axes
 + Level 3.7 Maces & Flails
 + Level 3.7 Polearms
 + Level 4.6 Staves
 + Level 3.7 Slings
 + Level 3.7 Bows
 + Level 3.7 Crossbows
 + Level 3.7 Throwing
 + Level 4.6 Armour
 + Level 3.7 Dodging
 + Level 5.6 Stealth
 + Level 3.7 Shields
 + Level 3.7 Unarmed Combat
 + Level 3.7 Spellcasting
 + Level 3.0 Conjurations
 + Level 3.0 Hexes
 + Level 3.0 Summonings
 + Level 3.0 Necromancy
 + Level 3.0 Translocations
 + Level 3.0 Transmutations
 + Level 3.0 Fire Magic
 + Level 3.0 Ice Magic
 + Level 3.0 Air Magic
 + Level 3.0 Earth Magic
 + Level 3.0 Poison Magic
 + Level 4.1 Invocations
 + Level 4.6 Evocations


You had 14 spell levels left.
You didn't know any spells.
Your spell library contained the following spells:

 Spells                   Type           Power      Damage    Failure   Level
 Animate Skeleton         Necr           16%        N/A       52%         1
 Apportation              Tloc           16%        N/A       52%         1
 Corona                   Hex            8%         N/A       52%         1
 Summon Small Mammal      Summ           32%        N/A       52%         1
 Corpse Rot               Necr/Air       N/A        N/A       65%         2
 Poisonous Vapours        Pois/Air       16%        N/A       65%         2
 Sublimation of Blood     Necr           4%         N/A       65%         2
 Wereblood                Tmut           8%         N/A       65%         2
 Freezing Cloud           Conj/Ice/Air   4%         6-21      100%        5
 Summon Hydra             Summ           4%         N/A       100%        7


Dungeon Overview and Level Annotations

Branches:
Dungeon (7/15)             Temple (1/1) D:4

Altars:
Ashenzari
Dithmenos
Elyvilon
Fedhas
Gozag
Hepliaklqana
Kikubaaqudgha
Makhleb
Nemelex Xobeh
Qazlal
Sif Muna
Uskayaw
Vehumet
Wu Jian
Xom
Yredelemnul
Zin

Shops:
D:4 (   D:5 !

Portals:
Bailey: D:7

Annotations:
D:6 exclusion: door
D:7 Maggie


Innate Abilities, Weirdness & Mutations

You have very sharp teeth.
Your uncanny sense of smell can sniff out nearby items.
Your experience applies equally to all skills.


Message History

You hear the roar of battle.
There is an entrance to a bailey on this level.
Hurry and find it before the portal closes forever!
Level annotation: Maggie An orc comes into view.
It is wielding a +0 short sword.
There is a stone staircase leading up, spattered with blood here.
You closely miss the steam dragon. The steam dragon completely misses you.
The steam dragon claws you.
Maggie casts a spell.
Maggie attempts to bespell you! You resist.
The steam dragon breathes steam at you. The ball of steam hits you!
You hear an angry buzzing noise. x2
You climb upwards.
Level annotation: exclusion: door
There is a stone staircase leading down here.
The steam dragon barely misses you.
The steam dragon claws you but does no damage.
You whack the steam dragon!
The steam dragon is heavily wounded.
The steam dragon closely misses you. You block the steam dragon's attack.
You whack the steam dragon!
The steam dragon is severely wounded.
You block the steam dragon's attack. The steam dragon claws you.
You barely miss the steam dragon.
The steam dragon is severely wounded.
The steam dragon breathes steam at you. The ball of steam hits you!
You closely miss the steam dragon.
The steam dragon is severely wounded.
You are engulfed in a cloud of scalding steam.
The steam dragon barely misses you. The steam dragon claws you.
* * * LOW HITPOINT WARNING * * *
The steam dragon bites you.
* * * LOW HITPOINT WARNING * * *
The steam dragon claws you but does no damage.
You hit the steam dragon.
The steam dragon is almost dead.
The steam dragon breathes steam at you. The ball of steam hits you!
You die...

#.##...##.........#
...#...##.........#
.......#####......#############
.###...# #......##.)........#
.# #...# #......##.########.#
####...#######.§§###.# #.###
...............§§§...# #....
...............§.§#### ###.#
................@)# #.#
................D># #.#
...........######## #.#
######.....##...## #.#
###.....#....)# ##########.#
#.......#.....# #.......##.#
#.......#.....# ##.#####.##.#
#.......##...## #....#......#
###########'### ####.#..#####


You could see a steam dragon (catching breath).

Vanquished Creatures
  Grinder (D:6)
  A black bear (D:6)
  An ogre (D:5)
  A centaur (D:5)
  A kobold brigand (D:6)
  Blork the orc (D:4)
  6 scorpions
  A bullfrog (D:6)
  A gnoll sergeant (D:6)
  A water moccasin zombie (D:5)
  2 jellies
  An orc priest (D:5)
  4 iguanas
  4 orc wizards
  A hound skeleton (D:4)
  4 gnolls
  5 adders
  2 white imps (D:6)
  An ufetubus (D:5)
  An adder skeleton (D:4)
  2 worms
  A dart slug (D:1)
  5 orcs
  6 bats
  8 endoplasms
  3 giant cockroaches
  5 goblins
  8 hobgoblins
  3 quokkas
  6 ball pythons
  2 frilled lizards
  12 kobolds
  3 rats
104 creatures vanquished.

Notes
Turn   | Place    | Note
-------+----------+-------------------------------------------
     0 | D:1      | belegose the Gnoll Wanderer began the quest for the Orb.
     0 | D:1      | belegose set off with the following items: a +2 dagger, a
                  | potion of heal wounds, a +0 hand axe, a scroll of
                  | teleportation, a +0 robe
     0 | D:1      | Reached XP level 1. HP: 23/23 MP: 1/1
    99 | D:1      | Reached XP level 2. HP: 27/29 MP: 2/2
   521 | D:1      | Reached XP level 3. HP: 35/35 MP: 3/3
   942 | D:2      | Found a sparkling altar of Nemelex Xobeh.
  1273 | D:2      | Reached skill level 1 in Invocations
  1524 | D:2      | Reached skill level 1 in Short Blades
  1524 | D:2      | Reached skill level 1 in Long Blades
  1524 | D:2      | Reached skill level 1 in Maces & Flails
  1524 | D:2      | Reached skill level 1 in Polearms
  1524 | D:2      | Reached skill level 1 in Slings
  1524 | D:2      | Reached skill level 1 in Bows
  1524 | D:2      | Reached skill level 1 in Crossbows
  1524 | D:2      | Reached skill level 1 in Throwing
  1524 | D:2      | Reached skill level 1 in Dodging
  1524 | D:2      | Reached skill level 1 in Shields
  1524 | D:2      | Reached skill level 1 in Unarmed Combat
  1524 | D:2      | Reached skill level 1 in Spellcasting
  1834 | D:2      | Reached XP level 4. HP: 41/41 MP: 5/5
  2033 | D:3      | Found a broken altar of Ashenzari.
  2034 | D:3      | Found a radiant altar of Vehumet.
  2880 | D:3      | Reached skill level 1 in Conjurations
  2880 | D:3      | Reached skill level 1 in Hexes
  2880 | D:3      | Reached skill level 1 in Summonings
  2880 | D:3      | Reached skill level 1 in Necromancy
  2880 | D:3      | Reached skill level 1 in Translocations
  2880 | D:3      | Reached skill level 1 in Transmutations
  2880 | D:3      | Reached skill level 1 in Fire Magic
  2880 | D:3      | Reached skill level 1 in Ice Magic
  2880 | D:3      | Reached skill level 1 in Air Magic
  2880 | D:3      | Reached skill level 1 in Earth Magic
  2880 | D:3      | Reached skill level 1 in Poison Magic
  3689 | D:4      | Noticed a scorpion
  3695 | D:4      | Killed a scorpion
  3696 | D:4      | Reached XP level 5. HP: 43/47 MP: 5/7
  3750 | D:4      | Reached XP level 6. HP: 38/53 MP: 8/8
  3930 | D:4      | Found a shimmering altar of Xom.
  3993 | D:4      | Noticed Blork the orc
  4001 | D:4      | Killed Blork the orc
  4002 | D:4      | Reached skill level 5 in Axes
  4382 | D:4      | Found Natzuth's Antique Weapon Shop.
  4389 | D:4      | Reached XP level 7. HP: 53/59 MP: 10/10
  4528 | D:4      | Reached skill level 7 in Fighting
  4588 | D:4      | Found a shimmering blue altar of Sif Muna.
  5122 | D:4      | Found a staircase to the Ecumenical Temple.
  5141 | Temple   | Entered the Ecumenical Temple
  5337 | Temple   | Became a worshipper of Zin the Law-Giver
  5337 | Temple   | Reached * piety under Zin
  5429 | D:5      | Entered Level 5 of the Dungeon
  5864 | D:5      | Reached skill level 5 in Stealth
  5890 | D:5      | Found Keqetefe's Distillery.
  5896 | D:5      | Bought a potion of degeneration for 14 gold pieces
  6011 | D:5      | Reached ** piety under Zin
  6028 | D:5      | Reached XP level 8. HP: 63/67 MP: 12/12
  6897 | D:6      | Noticed a six-headed hydra
  7375 | D:6      | Found a hide-covered altar of Uskayaw.
  7401 | D:6      | Identified the +8 whip of Kuicw {vorpal, rElec rC++ rCorr
                  | Stlth-}
  7509 | D:6      | Noticed Grinder
  7515 | D:6      | Paralysed by Grinder for 3 turns
  7539 | D:6      | Killed Grinder
  7755 | D:6      | Found a burning altar of Makhleb.
  8081 | D:7      | Found a flagged portal.
  8081 | D:7      | Noticed Maggie
  8123 | D:6      | Killed from afar by a steam dragon

Illustrated notes

Levels and vault maps discovered:
D:1:      eino_arrival_cavern_b, layout_basic, interstate_on_off
D:2:      layout_rooms, basic_altar, kennysheep_generic_room_13
D:3:      layout_basic, gammafunk_temple_overflow_statue
D:4:      layout_loops_ring, led_sif_book, nicolae_overflow_hidden_temple,
          temple_statues, serial_shops, shop, uniq_blork_the_orc
D:5:      layout_gridville, serial_shops, nicolae_diamond_shop
D:6:      layout_basic, eat_drink_and_be_merry_uskayaw,
          mainiacjoe_overflow_brackets, minmay_three_doors, uniq_grinder
D:7:      wander_river, layout_rooms, trog_book, enter_bailey_6,
          grunt_decor_resistance, nicolae_zen_rock_garden, uniq_duvessa,
          uniq_maggie
Temple:   bh_familiar_temple

Skill      XL: |  1  2  3  4  5  6  7  8 |
---------------+-------------------------+-----
Invocations    | 1 2 3 4 |  4.1
Short Blades   | 1 2 3 |  3.7
Long Blades    | 1 2 3 |  3.7
Maces & Flails | 1 2 3 |  3.7
Polearms       | 1 2 3 |  3.7
Slings         | 1 2 3 |  3.7
Bows           | 1 2 3 |  3.7
Crossbows      | 1 2 3 |  3.7
Throwing       | 1 2 3 |  3.7
Dodging        | 1 2 3 |  3.7
Shields        | 1 2 3 |  3.7
Unarmed Combat | 1 2 3 |  3.7
Spellcasting   | 1 2 3 |  3.7
Conjurations   | 1 2 3 |  3.0
Hexes          | 1 2 3 |  3.0
Summonings     | 1 2 3 |  3.0
Necromancy     | 1 2 3 |  3.0
Translocations | 1 2 3 |  3.0
Transmutations | 1 2 3 |  3.0
Fire Magic     | 1 2 3 |  3.0
Ice Magic      | 1 2 3 |  3.0
Air Magic      | 1 2 3 |  3.0
Earth Magic    | 1 2 3 |  3.0
Poison Magic   | 1 2 3 |  3.0
Staves         | 3 4 |  4.6
Armour         | 3 4 |  4.6
Evocations     | 3 4 |  4.6
Axes           | 5 6 |  6.0
Fighting       | 7 |  7.6
Stealth        | 5 |  5.6

Action                   |  1- 3 |  4- 6 |  7- 9 || total
-------------------------+-------+-------+-------++-------
Melee: Dagger            |    60 |       |       ||    60
       Bite              |    10 |     7 |    17 ||    34
       Falchion          |    57 |    60 |       ||   117
       Punch             |     1 |     2 |       ||     3
       Halberd           |       |    43 |   117 ||   160
       Whip              |       |       |    46 ||    46
Throw: Dart              |       |     5 |     6 ||    11
Invok: Recite            |       |       |     1 ||     1
  Use: Scroll            |       |       |     4 ||     4
 Stab: Sleeping          |    10 |     5 |     4 ||    19
       Distracted        |     1 |       |       ||     1
Armor: Robe              |    44 |     7 |       ||    51
       Ring mail         |       |    28 |    62 ||    90
Dodge: Dodged            |    75 |    68 |    64 ||   207
Block: Kite shield       |       |       |    22 ||    22
       Rpst.: Falchion   |     6 |     6 |       ||    12
